 Dungeon Crawl Stone Soup version 0.31-a0-188-g5e087ee2ca (webtiles) character file.

Game seed: 1629883865775801004

10 qw the Shooter (level 2, -8/16 HPs)
             Began as a Deep Elf Hunter on June 23, 2023.
             Killed from afar by Sigmund (9 damage)
             ... with a puff of flame
             ... on level 2 of the Dungeon.
             The game lasted 00:00:10 (1116 turns).

qw the Shooter (Deep Elf Hunter)                    Turns: 1116, Time: 00:00:11

Health: -8/16      AC:  3    Str:  8    XL:     2   Next: 10%
Magic:  4/4        EV: 12    Int: 13    God:
Gold:   56         SH:  0    Dex: 18    Spells: 1/1 levels left

rFire   . . .        Y - +0 shortbow
rCold   . . .        (shield currently unavailable)
rNeg    . . .        c - +0 leather armour
rPois   .            (no helmet)
rElec   .            (no cloak)
rCorr   .            (no gloves)
SInv    .            (no boots)
Will    .....        (no amulet)
Stlth   +            (no ring)
HPRegen 0.22/turn    (no ring)
MPRegen 0.09/turn

%: no passive effects
@: confused
A: no striking features
a: no special abilities


You were on level 2 of the Dungeon.
You visited 1 branch of the dungeon, and saw 2 of its levels.

You collected 56 gold pieces.


   Skills:
 - Level 1.5 Fighting
 + Level 6.0 Ranged Weapons
 - Level 2.4 Dodging
 - Level 1.2 Stealth


You had one spell level left.
You didn't know any spells.
Your spell library was empty.

Inventory:

Hand Weapons
 Y - a +0 shortbow (weapon)
Armour
 c - a +0 leather armour (worn)
Potions
 d - a potion of mutation {unknown}

Dungeon Overview and Level Annotations

Branches:
Dungeon (2/15)

Altars:

Shops:
D:1 *

Annotations:
D:2 Sigmund


Message History

As you read the scroll labelled TUG CIACHO RIMI, it crumbles to dust.
It is a scroll of identify.
Really abort (and waste the scroll)?
Done exploring.
1069 ||| READING scroll labelled KIEXEUTAEWI.
As you read the scroll labelled KIEXEUTAEWI, it crumbles to dust.
It is a scroll of enchant armour.
Really abort (and waste the scroll)?
Done exploring.
1070 ||| DROPPING scroll of butterflies.
You drop a scroll of butterflies.
Done exploring.
1071 ||| DROPPING scroll of fog.
You drop a scroll of fog.
Done exploring.
(D) Dungeon
Where to? (* - list waypoints, ? - help)
What level of the Dungeon? (default 1, ? - help)
There is a stone staircase leading down here.
You climb downwards.
There is a stone staircase leading up here.
Waypoint 1 assigned to D:2.
Sigmund the Dreaded comes into view.
He is wielding a +0 scythe.
Found a scroll of fog.
You shoot an arrow. The arrow hits Sigmund!
Sigmund shouts!
Sigmund is moderately wounded.
You shoot an arrow. The arrow barely misses Sigmund.
Sigmund hits you from afar with a +0 scythe.
You shoot an arrow. The arrow hits Sigmund.
Sigmund is moderately wounded.
You shoot an arrow. The arrow barely misses Sigmund.
Sigmund gestures at you while chanting.
You are confused.
Sigmund hits you from afar with a +0 scythe!
Ouch! That really hurt!
Sigmund hits you from afar with a +0 scythe.
Sigmund points at you and mumbles some strange words.
The puff of flame hits you!
Ouch! That really hurt!
You die...

#.# #.# #.# #.#
#.# #.# #.# #.#
#@#
.........@.?...
##..##########.
#


You could see Sigmund.

Vanquished Creatures
  A dart slug (D:1)
  A ball python (D:1)
  A bat (D:1)
  A hobgoblin (D:1)
  2 goblins (D:1)
  A kobold (D:1)
  A rat (D:1)
8 creatures vanquished.

Notes
Turn   | Place    | Note
-------+----------+-------------------------------------------
     0 | D:1      | qw the Deep Elf Hunter began the quest for the Orb.
     0 | D:1      | Reached XP level 1. HP: 12/12 MP: 3/3
     0 | D:1      | 0 ||| qw: Version: 0.3-a-9-g12657ce
     0 | D:1      | 0 ||| qw: Game counter: 3707
     0 | D:1      | 0 ||| qw: Always use a shield: true
     0 | D:1      | 0 ||| qw: God list: Okawaru
     0 | D:1      | 0 ||| qw: Allow faded altars: false
     0 | D:1      | 0 ||| qw: Do Orc after D:15 true
     0 | D:1      | 0 ||| qw: Do second Lair branch before Depths: true
     0 | D:1      | 0 ||| qw: Lair rune preference: random
     0 | D:1      | 0 ||| qw: Plans: Normal
     0 | D:1      | 0 ||| PLANNING D:1-11
   142 | D:1      | Found Kock's Assorted Antiques.
   160 | D:1      | 160 ||| SHOPLISTING metallic yellow potion (18 gold, have
                  | 17).
   160 | D:1      | 160 ||| SHOPLISTING ring mail (80 gold, have 17).
   160 | D:1      | 160 ||| SHOPLISTING scroll labelled KOMILA UTRASCH (20
                  | gold, have 17).
   160 | D:1      | 160 ||| SHOPLISTING scroll labelled LAIFAM ATHI (20 gold,
                  | have 17).
   160 | D:1      | 160 ||| SHOPLISTING scroll labelled TUG CIACHO RIMI (20
                  | gold, have 17).
   676 | D:1      | Reached skill level 6 in Ranged Weapons
   676 | D:1      | Reached XP level 2. HP: 12/16 MP: 4/4
  1065 | D:1      | 1065 ||| DROPPING +6 ring of intelligence.
  1066 | D:1      | 1066 ||| READING scroll labelled LIL LULOEBREN.
  1067 | D:1      | 1067 ||| READING 2 scrolls labelled AVESAI ROLIVE.
  1068 | D:1      | 1068 ||| READING scroll labelled TUG CIACHO RIMI.
  1069 | D:1      | 1069 ||| READING scroll labelled KIEXEUTAEWI.
  1070 | D:1      | 1070 ||| DROPPING scroll of butterflies.
  1071 | D:1      | 1071 ||| DROPPING scroll of fog.
  1109 | D:2      | Noticed Sigmund
  1113 | D:2      | HP: 3/16 [Sigmund/+0 scythe (9)]
  1115 | D:2      | HP: 1/16 [Sigmund/+0 scythe (2)]
  1116 | D:2      | Killed from afar by Sigmund

Levels and vault maps discovered:
D:1:      wander_arrival_peaceful_grave, layout_basic, serial_shops,
          nicolae_shop_peninsula
D:2:      layout_loops_ring, uniq_sigmund

Skill      XL: |  1 |
---------------+----+-----
Ranged Weapons | 6 |  6.0
Fighting       | |  1.5
Dodging        | |  2.4
Stealth        | |  1.2

Action                     || total
---------------------------++-------
   Fire: Shortbow          ||    27
    Use: Scroll            ||     4
 Armour: Leather armour    ||     1
  Dodge: Dodged            ||     4

Table legend:
 A = Non-vault XP
 B = Vault XP
 C = Vault XP percentage of total XP
 D = Non-vault monster count
 E = Vault monster count
 F = Vault count percentage of total count
                 A         B        C        D         E       F
            +---------+---------+-------+---------+---------+-------
      Total |      15 |       0 |   0.0 |       8 |       0 |   0.0
            +---------+---------+-------+---------+---------+-------
        D:1 |      15 |       0 |   0.0 |       8 |       0 |   0.0
            +---------+---------+-------+---------+---------+-------
